 Dungeon Crawl Stone Soup version 0.28.0-47-ge53b351184 (webtiles) character file.

Game seed: 6111645152561298006

23 CryoSword the Firebug (level 2, -1/19 HPs)
             Began as a Demonspawn Fire Elementalist on Apr 28, 2022.
             Slain by a gnoll
             ... wielding a +0 flail
              (3 damage)
             ... on level 1 of the Dungeon.
             The game lasted 00:01:48 (1245 turns).

CryoSword the Firebug (DsFE)                        Turns: 1245, Time: 00:01:48

Health: -1/19      AC:  2    Str:  8    XL:     2   Next: 72%
Magic:  0/5        EV: 12    Int: 16    God:
Gold:   30         SH:  4    Dex: 13    Spells: 4/5 levels left

rFire   . . .      SeeInvis .   c - +0 dagger
rCold   . . .      Faith    .   (no shield)
rNeg    . . .      Spirit   .   a - +0 robe
rPois   .          Reflect  .   (no helmet)
rElec   .          Harm     .   (no cloak)
rCorr   .          Rampage  .   (no gloves)
Will    .....                   (no boots)
Stlth   ++........              (no amulet)
HPRegen 0.06/turn               (no ring)
MPRegen 0.09/turn               (no ring)

@: no status effects
A: large bone plates 1
a: no special abilities


You were on level 1 of the Dungeon.
You visited 1 branch of the dungeon, and saw 2 of its levels.

You collected 30 gold pieces.

Inventory:

Hand Weapons
 c - a +0 dagger (weapon)
   (You took it off a goblin on level 2 of the Dungeon)
Armour
 a - a +0 robe (worn)
Scrolls
 b - a scroll of immolation {unknown}
Potions
 d - a potion of degeneration {unknown}
 e - a potion of might {unknown}


   Skills:
 - Level 1.7 Dodging
 - Level 1.7 Stealth
 - Level 2.0 Spellcasting
 + Level 1.7 Conjurations
 * Level 3.4 Fire Magic


You had 4 spell levels left.
You knew the following spells:

 Your Spells              Type           Power      Damage    Failure   Level
a - Foxfire               Conj/Fire      36%        2x1d5     8%          1

Your spell library contained the following spells:

 Spells                   Type           Power      Damage    Failure   Level
 Scorch                   Fire           24%        2d6       8%          2
 Conjure Flame            Conj/Fire      9%         6-21      22%         3
 Inner Flame              Hex/Fire       7%         N/A       30%         3
 Flame Wave               Conj/Fire      9%         2d5       58%         4


Dungeon Overview and Level Annotations

Branches:
Dungeon (2/15)

Altars:


Innate Abilities, Weirdness & Mutations

You are partially covered in large bone plates. (SH +4)


Message History

You conjure some foxfire!
You conjure some foxfire!
The foxfire hits the dart slug.
You conjure some foxfire!
The foxfire hits the dart slug. x2
You kill the dart slug!
You conjure some foxfire!
Could not explore, unopened door.
Could not explore, unopened door.
You open the door.
There is an open door here.
There is an open door here.
A bat comes into view.
A bat is nearby!
A bat is nearby!
You conjure some foxfire!
You conjure some foxfire!
The foxfire hits the bat.
You conjure some foxfire!
The foxfire hits the bat.
You kill the bat!
A bat comes into view.
A bat is nearby!
A bat is nearby!
A bat is nearby!
A frilled lizard comes into view.
You block the bat's attack.
You barely miss the bat. The bat hits you. x2
You closely miss the bat. The bat barely misses you.
You hit the bat but do no damage. You block the bat's attack. The bat hits you.
The bat barely misses you. The bat hits you but does no damage.
The bat hits you but does no damage. The bat hits you.
You conjure some foxfire!
The foxfire hits the bat.
The bat barely misses you.
You hit the bat but do no damage.
The foxfire hits the bat.
You kill the bat!
Could not explore, unopened door.
Could not explore, unopened door.
You open the door.
There is an open door here.
Could not explore, unopened door.
Could not explore, unopened door.
You open the door.
There is an open door here.
The frilled lizard hisses angrily.
A frilled lizard is nearby!
You conjure some foxfire!
You conjure some foxfire!
The foxfire hits the frilled lizard.
You kill the frilled lizard!
You now have 18 gold pieces (gained 6).
Could not explore, unopened door.
Could not explore, unopened door.
Could not explore, unopened door.
Could not explore, unopened door.
You open the door.
There is an open door here.
Could not explore, unopened door.
Could not explore, unopened door.
You open the door.
There is an open door here.
Could not explore, unopened door.
Could not explore, unopened door.
You open the door.
There is an open door here.
There is an open door here.
A rat comes into view.
A rat is nearby!
The rat closely misses you.
You barely miss the rat. The rat closely misses you.
You conjure some foxfire!
The rat misses you.
You closely miss the rat.
The foxfire hits the rat.
You kill the rat!
You see here a rat corpse.
An endoplasm comes into view.
An endoplasm is nearby!
An endoplasm is nearby!
You conjure some foxfire!
You conjure some foxfire!
You conjure some foxfire!
The endoplasm quivers.
The foxfire hits the endoplasm. x2
An endoplasm is nearby!
The foxfire hits the endoplasm but does no damage.
A rat and a kobold come into view.
The foxfire hits the rat.
The foxfire hits the endoplasm but does no damage.
You hit the rat but do no damage. The rat barely misses you.
There are monsters nearby!
There are monsters nearby!
You hit the endoplasm.
You kill the endoplasm!
The rat bites you.
You conjure some foxfire!
The rat bites you.
You conjure some foxfire!
The foxfire hits the rat.
You kill the rat!
The foxfire hits the kobold.
You kill the kobold!
You don't have enough magic to cast this spell.
You see here a +0 short sword.
Key pressed, stopping explore.
A kobold comes into view. It is wielding a +0 short sword.
You see here 12 gold pieces.
A kobold is nearby!
A kobold is nearby!
You conjure some foxfire!
You conjure some foxfire!
The foxfire hits the kobold.
You kill the kobold!
You conjure some foxfire!
You now have 30 gold pieces (gained 12).
A gnoll comes into view. It is wielding a +0 flail.
Found 3 scrolls labelled LILUAB MIGGOT.
A gnoll is nearby!
A gnoll is nearby!
A gnoll is nearby!
Found 20 arrows.
You conjure some foxfire!
You conjure some foxfire!
The foxfire hits the gnoll. x2
The gnoll hits you with a +0 flail!
You conjure some foxfire!
The foxfire hits the gnoll.
The foxfire hits the gnoll but does no damage.
The gnoll hits you with a +0 flail!
Ouch! That really hurt!
* * * LOW HITPOINT WARNING * * *
The foxfire hits the gnoll but does no damage.
The foxfire hits the gnoll.
An endoplasm comes into view.
The endoplasm quivers.
There is an open door here.
There is an open door here.
You miscast Foxfire.
You are very lightly contaminated with residual magic.
Nothing appears to happen.
You conjure some foxfire!
The endoplasm freezes you.
You are frozen.
* * * LOW HITPOINT WARNING * * *
The foxfire hits the gnoll.
The foxfire hits the endoplasm.
You conjure some foxfire!
The endoplasm freezes you.
You are frozen.
* * * LOW HITPOINT WARNING * * *
The foxfire hits the gnoll.
The foxfire hits the gnoll but does no damage.
You conjure some foxfire!
The endoplasm freezes you.
You are frozen.
* * * LOW HITPOINT WARNING * * *
Your magical contamination has completely faded away.
The foxfire hits the endoplasm.
You kill the endoplasm!
The foxfire hits the gnoll but does no damage.
You conjure some foxfire!
The gnoll hits you with a +0 flail.
You die...

###........'......##..##
#........#......##..#
#......###......##..#
###......# #......##..#
#........# #.####.##..#
#........# #.# .##..#
#........# #+# #
#......g.# #......@v+
#.......v# #........#
#........# #........#
##########


You could see a gnoll (ally target).

Vanquished Creatures
  A dart slug (D:1)
  2 ball pythons
  3 endoplasms (D:1)
  A hobgoblin (D:1)
  A quokka (D:1)
  2 bats (D:1)
  A frilled lizard (D:1)
  3 goblins
  2 kobolds (D:1)
  3 rats (D:1)
19 creatures vanquished.

Vanquished Creatures (others)
  80 foxfires
80 creatures vanquished.

Grand Total: 99 creatures vanquished

Notes
Turn   | Place    | Note
-------+----------+-------------------------------------------
     0 | D:1      | CryoSword the Demonspawn Fire Elementalist began the quest
                  | for the Orb.
     0 | D:1      | Reached XP level 1. HP: 13/13 MP: 3/3
    39 | D:1      | You fall into a shaft and drop 1 floor!
   169 | D:1      | Reached skill level 3 in Fire Magic
   394 | D:1      | Gained mutation: You are partially covered in large bone
                  | plates. (SH +4) [demonic ancestry]
   394 | D:1      | Reached XP level 2. HP: 19/19 MP: 0/5
  1245 | D:1      | Slain by a gnoll

Illustrated notes

Levels and vault maps discovered:
D:1:      dpeg_arrival_tiny_i, layout_basic
D:2:      layout_loops_corners

Skill      XL: |  1 |
---------------+----+-----
Fire Magic     | 3 |  3.4
Dodging        | |  1.7
Stealth        | |  1.7
Spellcasting   | |  2.0
Conjurations   | |  1.7

Action                   || total
-------------------------++-------
Melee: Dagger            ||    12
 Cast: Foxfire           ||    44
Armor: Robe              ||     3
Dodge: Dodged            ||    16
Block: Other             ||     2
